 Dungeon Crawl Stone Soup version 0.17-a0-1519-g2001520 (webtiles) character file.

78 mrath the Digger (level 4, -2/24 HPs)
             Began as a Gargoyle Earth Elementalist on July 13, 2015.
             Slain by a sky beast (4 damage)
             ... on level 4 of the Dungeon.
             The game lasted 00:25:39 (2432 turns).

mrath the Digger (Gargoyle Earth Elementalist)      Turns: 2432, Time: 00:25:40

Health: -2/24      AC:  5    Str: 12    XL:     4   Next: 36%
Magic:  9/9        EV: 12    Int: 16    God:
Gold:   192        SH:  0    Dex: 10    Spells: 3 memorised, 3 levels left

rFire  . . .     SeeInvis .     s - +2 mace (holy)
rCold  . . .     Clarity  .     b - +0 robe
rNeg   + . .     SustAt   .     (no shield)
rPois  ∞         Gourm    .     (no helmet)
rElec  +         Spirit   .     (no cloak)
rCorr  .         Warding  .     (no gloves)
rMut   .         Stasis   .     (no boots)
MR     .....                    (no amulet)
Stlth  ++........               (no ring)
                                (no ring)

@: not resistant to hostile enchantments, unstealthy
A: negative energy resistance 1, electricity resistance, unbreathing,
petrification resistance, rot immunity, AC +3
a: no special abilities


You were on level 4 of the Dungeon.
You were not hungry.

You visited 1 branch of the dungeon, and saw 5 of its levels.

You collected 192 gold pieces.

Inventory:

Hand weapons
 f - a +0 mace
 m - a +0 hunting sling
 s - a +2 mace of holy wrath (weapon)
Missiles
 a - 145 stones (quivered)
 g - 10 poisoned needles
 p - 2 exploding tomahawks
 v - 22 sling bullets
Armour
 b - a +0 robe (worn)
 o - a +0 cloak
Jewellery
 k - an uncursed ring of flight {unknown}
 q - an uncursed amulet of stasis {unknown}
 r - an uncursed ring of positive energy {unknown}
Magical devices
 w - a wand of heal wounds (0)
Scrolls
 e - a scroll of enchant armour {unknown}
 j - a scroll of amnesia {unknown}
 t - a scroll of fog {unknown}
 u - a scroll of enchant weapon {unknown}
 x - a scroll of identify {unknown}
Potions
 h - 2 potions of ambrosia {unknown}
 i - a potion of degeneration {unknown}
 l - a potion of curing {unknown}
 n - a potion of beneficial mutation {unknown}
Books
 c - a book of Geomancy

   Spells                             Type                      Level
   a - Sandblast                      Earth                        1
   b - Stoneskin                      Transmutation/Earth          2
   c - Passwall                       Transmutation/Earth          3
   d - Stone Arrow                    Conjuration/Earth            3
   e - Petrify                        Transmutation/Earth          4
   f - Lee's Rapid Deconstruction     Earth                        5
Comestibles
 d - a bread ration


   Skills:
 - Level 1.5 Dodging
 - Level 2.1 Stealth
 * Level 3.4 Spellcasting
 - Level 0.7 Transmutations
 + Level 4.7 Earth Magic


You had 3 spell levels left.
You knew the following spells:

 Your Spells              Type           Power        Failure   Level  Hunger
a - Sandblast             Erth           ###...       2%          1    None
b - Stoneskin             Trmt/Erth      ##......     10%         2    ##.....
c - Stone Arrow           Conj/Erth      ##....       21%         3    ###....


Dungeon Overview and Level Annotations

Branches:
Dungeon (5/15)
 Temple: D:4-7

Altars:
Cheibriados
Dithmenos
Xom

Annotations:
D:3 Duffy's ghost, average NaEn


Innate Abilities, Weirdness & Mutations

You are resistant to torment.
Your stone body is resilient (AC +3).
You are immune to poison.
You resist negative energy.
You are resistant to electric shocks.
You can survive without breathing.
You are immune to petrification.
You are immune to rotting.


Message History

* * * LOW HITPOINT WARNING * * *
Something shocks you. You resist.
* * * LOW HITPOINT WARNING * * *
Evoke which item? (* to show all) (? for menu, Esc to quit)
Zapping:
w - a wand of heal wounds {zapped: 5} (will waste charges)
Press: ? - help, Shift-Dir - straight line, f - you Nothing appears to happen.
You hear the slow rusting of a distant drain.
Something hits you but does no damage.
You closely miss something. Something barely misses you. Something hits you.
* * * LOW HITPOINT WARNING * * *
Something shocks you. You resist.
* * * LOW HITPOINT WARNING * * *
A sky beast appears from thin air!
Reactivating autopickup.
The sky beast flickers out of sight!
Deactivating autopickup; reactivate with Ctrl-A.
You see here 16 gold pieces.
Something hits you.
You die...

#'## ....
#..# .....
+..# ..##..
#..##..##..
#l.......
#.o......
#..##+###
#$.##..##.
#.@.......
#.........
#..##..##.
#### #+#


You could see an orc and a giant gecko.

Vanquished Creatures
  4 adders (D:2)
  3 giant geckos (D:2)
  A ball python (D:1)
  2 giant cockroaches (D:1)
  7 hobgoblins
  2 quokkas (D:3)
  3 giant newts
  6 goblins
  3 jackals (D:2)
  8 kobolds
  3 rats
42 creatures vanquished.

Notes
Turn   | Place    | Note
--------------------------------------------------------------
     0 | D:1      | mrath the Gargoyle Earth Elementalist began the quest for the Orb.
     0 | D:1      | Reached XP level 1. HP: 10/10 MP: 3/3
   584 | D:1      | Reached XP level 2. HP: 15/15 MP: 3/5
   698 | D:1      | Reached skill level 4 in Earth Magic
   885 | D:1      | Learned a level 2 spell: Stoneskin
  1379 | D:2      | Reached XP level 3. HP: 19/19 MP: 1/7
  1705 | D:2      | Reached XP level 4. HP: 24/24 MP: 6/8
  1716 | D:2      | Found a shimmering altar of Xom.
  1720 | D:2      | Found a shadowy altar of Dithmenos.
  1828 | D:2      | Learned a level 3 spell: Stone Arrow
  2066 | D:3      | Noticed Duffy's ghost (average NaEn)
  2328 | D:3      | Found a snail-covered altar of Cheibriados.
  2367 | D:3      | You fall through a shaft for 2 floors!
  2367 | D:5      | Entered Level 5 of the Dungeon
  2367 | D:5      | Noticed a sky beast
  2409 | D:4      | HP: 1/24 [something (1)]
  2424 | D:4      | HP: 1/24 [something (1)]
  2432 | D:4      | Slain by a sky beast

Vault maps used:
D:1:      dpeg_arrival_morbid_curiosity
D:2:      grunt_temple_overflow_open
D:3:      cheibriados_altar_1, ecumenical_altar_1
D:4:      fedhas_altar_2, portal_sewer_entry_d, uniq_grinder
D:5:      overflow_temple_1_default, first_bread, uniq_eustachio

Action                   |  1- 3 |  4- 6 || total
-------------------------+-------+-------++-------
Melee: Mace              |    18 |    29 ||    47
 Cast: Sandblast         |    34 |    19 ||    53
       Stoneskin         |       |     1 ||     1
Evoke: Wand              |       |     2 ||     2
 Stab: Sleeping          |     1 |       ||     1
  Eat: Chunk             |     3 |     2 ||     5
